 Dungeon Crawl Stone Soup version 0.29.0-4-gdea44cf6ec (webtiles) character file.

Game seed: 1464492057065340912

280 qw the Chopper (level 6, 0/51 HPs)
             Began as a Minotaur Fighter on Sept 8, 2022.
             Was an Initiate of Ru.
             Slain by a gnoll
             ... wielding a +2 spear of distortion
              (1 damage)
             ... on level 5 of the Dungeon.
             The game lasted 00:01:21 (3310 turns).

qw the Chopper (Minotaur Fighter)                   Turns: 3310, Time: 00:01:21

Health: 0/51       AC: 11    Str: 22 (23) XL:     6   Next: 5%
Magic:  5/5        EV:  4    Int:  9 (11) God:    Ru [......]
Gold:   252        SH: 12    Dex:  9      Spells: 5/5 levels left

rFire   . . .      SeeInvis .   Y - +1 broad axe (venom)
rCold   . . .      Faith    .   a - +0 tower shield
rNeg    + . .      Spirit   .   e - +0 chain mail
rPois   .          Reflect  .   (helmet restricted)
rElec   .          Harm     .   (no cloak)
rCorr   .          Rampage  .   (no gloves)
Will    .....                   g - +1 pair of boots
Stlth   ..........              (no amulet)
HPRegen 0.17/turn               b - ring of positive energy
MPRegen 0.09/turn               o - +6 ring of intelligence

@: about to teleport
A: horns 2, retaliatory headbutt
a: Renounce Religion


You were on level 5 of the Dungeon.
You worshipped Ru.
Ru was noncommittal.
You visited 2 branches of the dungeon, and saw 6 of its levels.

You collected 252 gold pieces.


Innate Abilities, Weirdness & Mutations

You have a pair of horns on your head.
You reflexively headbutt those who attack you in melee.


   Skills:
 - Level 3.6 Fighting
 - Level 6.5 Axes
 - Level 3.6 Armour
 - Level 1.1 Dodging
 + Level 5.2 Shields


You had 5 spell levels left.
You didn't know any spells.
Your spell library was empty.

Inventory:

Hand Weapons
 q - a +0 flail
 Y - a +1 broad axe of venom (weapon)
Missiles
 h - 4 boomerangs (quivered)
Armour
 a - a +0 tower shield (worn)
 e - a +0 chain mail (worn)
 g - a +1 pair of boots (worn)
Jewellery
 b - a ring of positive energy (left hand)
 m - a ring of fire
 o - a +6 ring of intelligence (right hand)
Scrolls
 j - a scroll of identify
 p - 2 scrolls of teleportation
Potions
 d - a potion of might
 i - a potion of invisibility {unknown}
 n - a potion of curing {unknown}
 r - a potion of cancellation {unknown}

Dungeon Overview and Level Annotations

Branches:
Dungeon (5/15)             Temple (1/1) D:4

Altars:
Ashenzari
Cheibriados
Nemelex Xobeh
Okawaru
Qazlal
Ru
Sif Muna
Trog
Vehumet
Wu Jian
Xom
Yredelemnul
Zin


Message History

You closely miss the gnoll. You headbutt the gnoll.
The gnoll is heavily wounded.
The gnoll hits you from afar with a +0 spear.
The gnoll hits you with a +0 whip. You block the gnoll's attack.
The gnoll hits you from afar with a +0 spear.
You barely miss the gnoll. Your headbutt misses the gnoll.
The gnoll is heavily wounded.
You block the gnoll's attack. The gnoll hits you but does no damage.
You closely miss the gnoll. You headbutt the gnoll.
The gnoll is heavily wounded.
You barely miss the gnoll. You block the gnoll's attack.
The gnoll hits you but does no damage. x2
You block the gnoll's attack. x3
The gnoll hits you with a +2 spear of distortion.
Space warps around you!
You closely miss the gnoll.
The gnoll is heavily wounded.
You closely miss the gnoll.
The gnoll hits you from afar with a +0 spear.
The gnoll hits you with a +0 whip. The gnoll hits you but does no damage.
The gnoll hits you with a +2 spear of distortion.
Space warps around you.
The gnoll hits you from afar with a +0 spear.
The gnoll hits you but does no damage.
You blink.
3306 ||| Stepping ~*~*~tactically~*~*~ (hiding).
You start resting.
There are monsters nearby!
The gnoll hits you with a +0 whip. You block the gnoll's attack.
The gnoll hits you but does no damage.
You barely miss the gnoll.
The gnoll is heavily wounded.
You block the gnoll's attack.
The gnoll hits you from afar with a +2 spear of distortion!
Space warps horribly around you. You block the gnoll's attack.
3310 ||| READING 3 scrolls of teleportation.
As you read the scroll of teleportation, it crumbles to dust.
You feel strangely unstable. You block the gnoll's attack. x2
The gnoll hits you from afar with a +2 spear of distortion.
You die...

. ..# #.......#
.##g# #.......#
##.#.# #...<...#
#..#.####.......#
#..#%#..........#
#g..............#
#gg#.#.#.##...###
#g.#.#....#.#.#
#@##.######...#
#..........(..#
####.######...#
#.# ...# #..


You could see 4 gnolls.

Vanquished Creatures
  A black bear (D:4)
  2 gnolls (D:2)
  9 adders
  A white imp (D:4)
  An ufetubus (D:4)
  2 worms
  A dart slug (D:1)
  10 orcs (D:3)
  6 endoplasms
  A giant cockroach (D:1)
  5 hobgoblins
  4 jackals (D:2)
  6 quokkas (D:2)
  3 ball pythons
  2 bats
  3 frilled lizards
  2 goblins
  6 kobolds
  3 rats
68 creatures vanquished.

Vanquished Creatures (others)
  4 plants (D:2)
4 creatures vanquished.

Grand Total: 72 creatures vanquished

Notes
Turn   | Place    | Note
-------+----------+-------------------------------------------
     0 | D:1      | qw the Minotaur Fighter began the quest for the Orb.
     0 | D:1      | Reached XP level 1. HP: 19/19 MP: 0/0
     0 | D:1      | 0 ||| qw: Version: 0.1-a-112-g44dc6cd
     0 | D:1      | 0 ||| qw: Game counter: 6707
     0 | D:1      | 0 ||| qw: Always use a shield: true
     0 | D:1      | 0 ||| qw: God list: Ru
     0 | D:1      | 0 ||| qw: Allow faded altars: false
     0 | D:1      | 0 ||| qw: Do Orc after D:15 true
     0 | D:1      | 0 ||| qw: Do second Lair branch before Depths: true
     0 | D:1      | 0 ||| qw: Lair rune preference: random
     0 | D:1      | 0 ||| qw: Plans: Normal
     0 | D:1      | 0 ||| PLANNING D:1-11
     8 | D:1      | 8 ||| Stepping ~*~*~tactically~*~*~ (hiding).
   203 | D:1      | Reached skill level 3 in Axes
   509 | D:1      | Reached XP level 2. HP: 26/26 MP: 1/1
   976 | D:1      | 976 ||| UPGRADING to +0 chain mail.
   986 | D:1      | 986 ||| DROPPING +0 scale mail.
   987 | D:1      | 987 ||| UPGRADING to +0 pair of boots.
   992 | D:1      | 992 ||| READING scroll labelled CENOBB HOITRAN.
   993 | D:1      | 993 ||| READING scroll labelled BUEDIRGHUSE.
   998 | D:1      | 998 ||| READING scroll labelled SIEH TIMUOR.
   999 | D:1      | 999 ||| DRINKING 2 murky purple potions.
  1103 | D:1      | 1103 ||| DROPPING potion of berserk rage.
  1225 | D:2      | 1225 ||| Stepping ~*~*~tactically~*~*~ (stealth).
  1355 | D:2      | Reached skill level 4 in Axes
  1411 | D:2      | Reached XP level 3. HP: 26/31 MP: 2/2
  1633 | D:2      | Reached skill level 5 in Axes
  1682 | D:2      | Reached XP level 4. HP: 35/39 MP: 3/3
  1726 | D:2      | 1726 ||| Stepping ~*~*~tactically~*~*~ (stealth).
  1727 | D:2      | 1727 ||| Stepping ~*~*~tactically~*~*~ (stealth).
  1730 | D:2      | 1730 ||| Stepping ~*~*~tactically~*~*~ (stealth).
  1952 | D:2      | 1952 ||| UPGRADING to ring of positive energy.
  1953 | D:2      | 1953 ||| READING scroll labelled TETHIU KIYHECU.
  1953 | D:2      | Identified a scroll of acquirement
  1953 | D:2      | 1953 ||| ACQUIRING +1 broad axe of draining
  1953 | D:2      | Acquired a +1 broad axe of draining
  1955 | D:2      | 1955 ||| SWAPPING to +1 broad axe of draining.
  1956 | D:2      | 1956 ||| DROPPING +1 war axe.
  1957 | D:2      | 1957 ||| READING scroll labelled WEWNAMN XUTASCH.
  1958 | D:2      | 1958 ||| READING scroll labelled ENILOHIDGH SEGOL.
  1959 | D:2      | 1959 ||| DRINKING 2 blue potions.
  1960 | D:2      | 1960 ||| DROPPING potion of degeneration.
  2000 | D:3      | 2000 ||| Stepping ~*~*~tactically~*~*~ (stealth).
  2075 | D:3      | 2075 ||| DROPPING +0 club.
  2084 | D:3      | 2084 ||| Stepping ~*~*~tactically~*~*~ (stealth).
  2088 | D:3      | 2088 ||| Stepping ~*~*~tactically~*~*~ (stealth).
  2165 | D:3      | Reached skill level 6 in Axes
  2199 | D:3      | Found a basalt altar of Yredelemnul.
  2307 | D:3      | 2307 ||| DROPPING +0 whip.
  2465 | D:3      | 2465 ||| READING scroll of enchant armour.
  2465 | D:3      | 2465 ||| ENCHANTING +0 pair of boots.
  2633 | D:3      | Reached XP level 5. HP: 45/45 MP: 4/4
  2652 | D:3      | Found a faded altar of an unknown god.
  2708 | D:3      | Found a shimmering altar of Xom.
  2736 | D:3      | 2736 ||| UPGRADING to +6 ring of intelligence.
  2737 | D:3      | 2737 ||| READING scroll labelled GAOC IDGHELAGGE.
  2738 | D:3      | 2738 ||| READING scroll labelled QENGEUC AGYMI.
  2739 | D:3      | 2739 ||| READING scroll labelled GUATEMM CIMMO.
  2740 | D:3      | 2740 ||| DRINKING 2 green potions.
  2741 | D:3      | 2741 ||| DRINKING 3 red potions.
  2842 | D:3      | 2842 ||| DROPPING potion of flight.
  2843 | D:3      | 2843 ||| DROPPING 2 potions of ambrosia.
  2949 | D:4      | Reached skill level 1 in Dodging
  2959 | D:4      | Found a staircase to the Ecumenical Temple.
  2960 | D:4      | 2960 ||| PLANNING TEMPLE
  2960 | D:4      | 2960 ||| UPGRADING to +0 tower shield.
  2970 | D:4      | 2970 ||| DROPPING +0 buckler.
  2971 | D:4      | 2971 ||| READING 2 scrolls of identify.
  2971 | D:4      | 2971 ||| IDENTIFYING clear potion
  2972 | D:4      | 2972 ||| DROPPING potion of lignification.
  2979 | Temple   | Entered the Ecumenical Temple
  2991 | Temple   | Became a worshipper of Ru the Awakened
  3003 | Temple   | 3003 ||| PLANNING D:1-11
  3051 | D:4      | Noticed a black bear
  3058 | D:4      | Killed a black bear
  3059 | D:4      | Reached XP level 6. HP: 47/51 MP: 5/5
  3279 | D:4      | 3279 ||| DROPPING ring of magical power.
  3283 | D:5      | Entered Level 5 of the Dungeon
  3297 | D:5      | 3297 ||| Stepping ~*~*~tactically~*~*~ (hiding).
  3299 | D:5      | 3299 ||| Stepping ~*~*~tactically~*~*~ (hiding).
  3306 | D:5      | 3306 ||| Stepping ~*~*~tactically~*~*~ (hiding).
  3309 | D:5      | HP: 7/51 [gnoll/+2 spear of distortion (7)]
  3309 | D:5      | HP: 1/51 [gnoll/+2 spear of distortion (6)]
  3310 | D:5      | 3310 ||| READING 3 scrolls of teleportation.
  3310 | D:5      | Slain by a gnoll

Levels and vault maps discovered:
D:1:      psy_arrival_terrarium, layout_basic, chequers_serial_rivers_micro_b
D:2:      wad_woods_tower, layout_basic
D:3:      layout_loops_cross, pf_just_have_faith, mainiacjoe_overflow_alcove_2,
          dreamdust_ecumenical_altar_sealed_demon
D:4:      layout_cave_pools, minmay_temple_entry_glass
D:5:      layout_basic, amcnicky_altar_gilded
Temple:   pdpol_scorched_temple

Skill      XL: |  1  2  3  4  5 |
---------------+----------------+-----
Axes           | 3 4 5 6 |  6.5
Dodging        | 1 |  1.1
Shields        | 5 |  5.2
Fighting       | |  3.6
Armour         | |  3.6

Action                   |  1- 3 |  4- 6 || total
-------------------------+-------+-------++-------
Melee: War axe           |    65 |    10 ||    75
       Headbutt          |     8 |    13 ||    21
       Broad axe         |       |    79 ||    79
Throw: Boomerang         |       |    32 ||    32
  Use: Scroll            |     3 |     9 ||    12
       Potion            |     1 |     3 ||     4
Armor: Scale mail        |     3 |       ||     3
       Chain mail        |    28 |    52 ||    80
Dodge: Dodged            |    20 |    16 ||    36
Block: Buckler           |    14 |    11 ||    25
       Tower shield      |       |    25 ||    25

Table legend:
 A = Non-vault XP
 B = Vault XP
 C = Vault XP percentage of total XP
 D = Non-vault monster count
 E = Vault monster count
 F = Vault count percentage of total count
                 A         B        C        D         E       F
            +---------+---------+-------+---------+---------+-------
      Total |     363 |      37 |   9.2 |      62 |       6 |   8.8
            +---------+---------+-------+---------+---------+-------
        D:1 |      14 |       0 |   0.0 |       8 |       0 |   0.0
        D:2 |      66 |      37 |  35.9 |      18 |       6 |  25.0
        D:3 |      81 |       0 |   0.0 |      25 |       0 |   0.0
        D:4 |     189 |       0 |   0.0 |      10 |       0 |   0.0
        D:5 |      13 |       0 |   0.0 |       1 |       0 |   0.0
            +---------+---------+-------+---------+---------+-------
